 Dungeon Sprint DCSS version 0.29.1-13-g9f3cf754e1 (webtiles) character file.

Game seed: 11634076766780862911

0 sanboga the Chopper (level 2, 0/28 HPs)
             Began as a Minotaur Berserker on Jan 26, 2023.
             Was a Follower of Trog.
             Slain by a gnoll
             ... wielding a +0 spear
              (8 damage)
             ... in the Dungeon (Sprint VI: "Thunderdome").
             The game lasted 00:00:17 (30 turns).

sanboga the Chopper (Minotaur Berserker)              Turns: 30, Time: 00:00:17

Health: 0/28       AC:  2    Str: 21    XL:     2   Next: 10%
Magic:  1/1        EV: 12    Int:  4    God:    Trog [*.....]
Gold:   200        SH:  0    Dex:  9    Spells: 1/1 levels left

rFire   . . .      SeeInvis .   a - +0 hand axe
rCold   . . .      Faith    .   (no shield)
rNeg    . . .      Spirit   .   b - +0 animal skin
rPois   .          Reflect  .   (helmet restricted)
rElec   .          Harm     .   (no cloak)
rCorr   .          Rampage  .   (no gloves)
Will    .....      NoTele   +   (no boots)
Stlth   +.........              (no amulet)
HPRegen 0.09/turn               (no ring)
MPRegen 0.07/turn               (no ring)

@: no status effects
A: horns 2, retaliatory headbutt
a: Renounce Religion, Berserk


You were in the Dungeon.
You worshipped Trog.
Trog was aware of your devotion.
You visited 1 branch You collected 200 gold pieces.

Inventory:

Hand Weapons
 a - a +0 hand axe (weapon)
Armour
 b - a +0 animal skin (worn)
Wands
 j - a wand of light (5)
 k - a wand of roots (5)
Scrolls
 h - 4 scrolls of blinking
 l - 3 scrolls of butterflies
Potions
 c - a potion of curing
 d - 4 potions of heal wounds
 e - 4 potions of haste
 f - 2 potions of magic
 g - a potion of berserk rage
 i - a potion of resistance


   Skills:
 + Level 4.4 Fighting
 * Level 5.1 Axes
 + Level 3.5 Armour
 - Level 2.1 Dodging


You had one spell level left.
You didn't know any spells.
Your spell library was empty.

Dungeon Overview and Level Annotations

Branches:
Dungeon (1/1)

Altars:
Dithmenos
Fedhas
Makhleb
Qazlal
Ru
Trog
Xom

Shops:
D ??:(


Innate Abilities, Weirdness & Mutations

You have a pair of horns on your head.
You reflexively headbutt those who attack you in melee.


Message History

ROUND 1!
FIGHT!
You sense a tension in the east.
There is a stormy altar of Qazlal here.
There is a burning altar of Makhleb here.
There is a shadowy altar of Dithmenos here.
There is an entrance to Zimou's Staff Store here.
There is an entrance to Qefry's Must-Have Magic here.
A gnoll comes into view. It is wielding a +0 spear.
The gnoll shouts!
Found a sacrificial altar of Ru.
The gnoll hits you with a +0 spear.
You barely miss the gnoll. The gnoll misses you.
You barely miss the gnoll. Your headbutt misses the gnoll.
The gnoll barely misses you.
You closely miss the gnoll. Your headbutt misses the gnoll.
The gnoll hits you with a +0 spear.
You barely miss the gnoll. You headbutt the gnoll!
The gnoll is heavily wounded.
The gnoll hits you with a +0 spear.
A gnoll comes into view. It is wielding a +0 spear.
The gnoll shouts!
You slash the gnoll!
The gnoll is almost dead.
The gnoll closely misses you.
You barely miss the gnoll.
The gnoll is almost dead.
The gnoll hits you with a +0 spear.
* * * LOW HITPOINT WARNING * * *
You barely miss the gnoll.
The gnoll is almost dead.
The gnoll closely misses you.
You hit the gnoll but do no damage. You headbutt the gnoll.
You kill the gnoll!
Trog accepts your kill.
Your Fighting skill increases to level 4!
Your Axes skill gained 2 levels and is now at level 5!
Your Armour skill increases to level 3!
You have reached level 2!
The gnoll hits you from afar with a +0 spear!
You die...

##⌠⌠⌠## #.....#
##.....## ##∩.....∩##
#∩.......∩#
#........_#
#........_#
#_....).._#
###...@.....###
#⌠...........⌠#
#.8.g.......8.###
_......###.......__
......8.# #.8........
........###..........
....###...###.......
.... #.<.# .......
#...# .......


You could see a gnoll.

Vanquished Creatures
  A gnoll (D)
1 creature vanquished.

Notes
Turn   | Place    | Note
-------+----------+-------------------------------------------
     0 | D        | sanboga the Minotaur Berserker began the quest for the Orb.
     0 | D        | Reached XP level 1. HP: 19/19 MP: 0/0
     1 | D        | Found a stormy altar of Qazlal.
     2 | D        | Found a shimmering altar of Xom.
     2 | D        | Found a burning altar of Makhleb.
     3 | D        | Found a shadowy altar of Dithmenos.
     4 | D        | Found a bloodstained altar of Trog.
     4 | D        | Found Zimou's Staff Store.
     4 | D        | Found Exkiyn's Magic Scroll Shop.
     5 | D        | Found a blossoming altar of Fedhas.
     5 | D        | Found Qefry's Must-Have Magic.
     5 | D        | Found Zeinwest's Magic Scroll Shop.
     5 | D        | Round 1.
    17 | D        | Found a sacrificial altar of Ru.
    30 | D        | Reached skill level 5 in Axes
    30 | D        | Reached XP level 2. HP: 8/28 MP: 1/1
    30 | D        | Slain by a gnoll

Illustrated notes

Levels and vault maps discovered:
D:        arena_sprint

Skill      XL: |  1 |
---------------+----+-----
Fighting       | 4 |  4.4
Axes           | 5 |  5.1
Armour         | 3 |  3.5
Dodging        | |  2.1

Action                   || total
-------------------------++-------
Melee: Hand axe          ||     8
       Headbutt          ||     2
Dodge: Dodged            ||     4
